AoeStats
← 灰顏

Coastal Forest

510564802Analyzed
3v3 RM · 14h ago on Oct 1, 2026· 64m 28s· 6 players
Game mode
Random Map
Map size
Normal (6 player)
Population
200
Speed
Normal
Resources
Standard
Victory
Conquest
Starting age
Dark Age
Ending age
Imperial Age
RankedLock teamsTeams togetherTeam positionsShared explorationLock speedFull tech treeHidden civsTurbo modeCheats
Victory
Defeat
🇩🇪 Sicilians · Germany
1111
+15
🇩🇪 Saxons · Germany
1109
+15
🇩🇪 Huns · Germany
1095
+15
🇹🇼 Vikings · Taiwan
1104
-15
🇹🇼 Mongols · Taiwan
1076
-15
🇹🇼 Shu · Taiwan
1074
-15
灰顏
11:01 Feudal Age
9:31 Loom
14:00 Horse Collar
16:28 Castle Age
14:25 Double-Bit Axe
17:26 Bow Saw
18:05 Gold Mining
19:55 Wheelbarrow
20:11 Crossbowman
20:57 Thumb Ring
31:09 Ballistics
34:33 Imperial Age
32:19 Fletching
33:13 Squires
34:00 Gold Shaft Mining
33:16 Stone Mining
35:34 Bodkin Arrow
35:41 Padded Archer Armor
36:46 Arbalester
40:32 Conscription
41:05 Heavy Plow
43:50 Bolt Magazine
49:22 Leather Archer Armor
49:17 Bracer
51:00 Chemistry
54:38 Elite Skirmisher
58:07 Ring Archer Armor
57:46 Siege Engineers
李仲赫
9:54 Feudal Age
10:12 Loom
15:42 Castle Age
14:26 Double-Bit Axe
14:45 Stone Mining
17:09 Husbandry
17:19 Bloodlines
21:21 Gold Mining
22:05 Fletching
26:16 Bodkin Arrow
26:22 Padded Archer Armor
30:24 Bloodlines
34:07 Horse Collar
34:55 Ballistics
36:06 Leather Archer Armor
37:21 Wheelbarrow
38:52 Thumb Ring
44:36 Imperial Age
44:01 Hand Cart
46:24 Chemistry
45:28 Bracer
47:10 Elite Mangudai
47:56 Heavy Camel Rider
48:06 Light Cavalry
49:24 Scale Barding Armor
49:29 Forging
49:00 Hussar
49:57 Caravan
50:28 Coinage
51:11 Chain Barding Armor
52:41 Conscription
52:52 Heavy Plow
53:16 Bow Saw
55:10 Drill
54:38 Heavy Camel Rider
56:01 Iron Casting
55:52 Town Watch
58:15 Onager
60:30 Blast Furnace
Inaba因幡
13:41 Feudal Age
15:24 Loom
23:10 Castle Age
21:16 Fishing Lines
23:37 Fletching
24:37 Double-Bit Axe
25:45 Gillnets
26:25 Bow Saw
26:09 Gold Mining
27:48 Pikeman
30:25 Scale Mail Armor
30:29 Chieftains
33:29 Imperial Age
31:26 Squires
32:41 Arson
35:06 Coinage
35:33 Forging
38:30 Chieftains
40:20 Chain Mail Armor
41:14 Conscription
47:34 Plate Mail Armor
46:46 Elite Berserk
49:13 Iron Casting
52:52 Blast Furnace
56:44 Fortified Wall
57:38 Elite Varangian Guard
Passive Value
6:55 Loom
9:20 Feudal Age
13:35 Double-Bit Axe
13:55 Fletching
23:08 Castle Age
21:29 Horse Collar
23:32 Crossbowman
24:08 Bodkin Arrow
25:01 Heavy Plow
25:29 Padded Archer Armor
25:50 Bow Saw
30:04 Thumb Ring
32:54 Leather Archer Armor
33:26 Wheelbarrow
33:37 Town Watch
34:26 Ballistics
38:27 Imperial Age
37:10 Elite Skirmisher
39:13 Bracer
39:44 Ring Archer Armor
38:36 Arbalester
39:23 Scale Mail Armor
39:33 Forging
38:45 Shield Wall
39:46 Conscription
41:32 Two-Man Saw
43:51 Chain Mail Armor
44:12 Iron Casting
45:15 Plate Mail Armor
47:09 Chemistry
46:05 Murder Holes
47:27 Hand Cart
48:12 Town Patrol
48:20 Gold Mining
50:32 Crop Rotation
50:54 Gold Shaft Mining
49:49 Elite Hearth Troop
55:10 Caravan
62:48 Squires
62:35 Arson
62:38 Gambesons
xarminx
5:36 Loom
11:59 Feudal Age
17:17 Castle Age
21:32 Wheelbarrow
22:29 Bloodlines
22:20 Husbandry
23:16 Horse Collar
23:27 Double-Bit Axe
24:36 Bow Saw
25:21 Scale Barding Armor
26:27 Gold Mining
26:29 Stone Mining
26:27 Town Watch
28:55 Husbandry
28:32 Pikeman
30:48 Chain Barding Armor
30:39 Forging
32:32 Hand Cart
33:56 Iron Casting
33:13 Fletching
35:45 Town Patrol
39:12 Imperial Age
38:13 Bodkin Arrow
39:27 Capped Ram
41:06 Cavalier
45:45 Caravan
47:36 Plate Barding Armor
46:33 Heavy Scorpion
48:50 Gold Shaft Mining
48:53 Stone Shaft Mining
48:34 Guilds
50:07 Blast Furnace
50:17 Heavy Plow
51:01 Siege Engineers
51:17 Ballistics
51:08 Masonry
52:35 Scale Mail Armor
52:35 Padded Archer Armor
56:42 First Crusade
58:04 Hauberk
58:20 Conscription
60:31 Elite Skirmisher
ragnksaefh
10:25 Feudal Age
14:30 Bloodlines
21:44 Castle Age
23:31 Double-Bit Axe
23:28 Horse Collar
24:20 Forging
24:16 Scale Barding Armor
23:37 Light Cavalry
27:29 Bow Saw
27:26 Heavy Plow
31:34 Iron Casting
31:20 Chain Barding Armor
36:59 Imperial Age
35:08 Wheelbarrow
34:21 Town Watch
38:16 Hand Cart
38:11 Caravan
40:05 Two-Man Saw
40:50 Atheism
40:35 Marauders
39:57 Elite Tarkan
40:07 Cavalier
40:48 Husbandry
40:10 Hussar
41:53 Blast Furnace
40:45 Fletching
40:56 Padded Archer Armor
44:46 Paladin
46:33 Ballistics
47:14 Chemistry
46:13 Bodkin Arrow
47:44 Elite Skirmisher
48:29 Thumb Ring
48:29 Bracer
49:08 Plate Barding Armor
48:34 Bracer
51:47 Town Patrol
56:43 Conscription
59:35 Leather Archer Armor
Connection lost

Rejoining the realm…

Still unreachable

The connection could not be restored.

Session expired

The server has moved on; the page needs a fresh start.